 Dungeon Crawl Stone Soup version 0.31-a0-246-g8cbcc1cb85 (webtiles) character file.

Game seed: 928827220171307314

50 Dittersdorf the Shield-Bearer (level 3, -1/24 HPs)
             Began as a Gargoyle Fighter on July 12, 2023.
             Slain by a gnoll
             ... wielding a +0 flail
              (6 damage)
             ... on level 2 of the Dungeon.
             The game lasted 00:01:42 (917 turns).

Dittersdorf the Shield-Bearer (Gargoyle Fighter)     Turns: 917, Time: 00:01:42

Health: -1/24      AC: 11    Str: 21    XL:     3   Next: 79%
Magic:  3/3        EV:  9    Int:  8    God:
Gold:   87         SH:  4    Dex:  9    Spells: 2/2 levels left

rFire   . . .        a - +0 flail
rCold   . . .        c - +0 buckler
rNeg    + . .        b - +0 scale mail
rPois   ∞            (no helmet)
rElec   +            g - +0 cloak
rCorr   .            (no gloves)
SInv    .            (no boots)
Will    .....        (no amulet) Stlth
                     (no ring)
HPRegen 0.24/turn    (no ring)
MPRegen 0.08/turn

%: no passive effects
@: no status effects
A: sickness immunity, AC +3, negative energy resistance 1, electricity
resistance, torment resistance 1, petrification resistance
a: no special abilities


You were on level 2 of the Dungeon.
You visited 1 branch of the dungeon, and saw 2 of its levels.

You collected 87 gold pieces.

Inventory:

Hand Weapons
 a - a +0 flail (weapon)
Missiles
 f - 10 poisoned darts
Armour
 b - a +0 scale mail (worn)
 c - a +0 buckler (worn)
 g - a +0 cloak (worn)
Scrolls
 e - 2 scrolls of identify {unknown}
 h - a scroll of fear {unknown}
 i - a scroll of poison {unknown}
Potions
 d - a potion of might
 j - 2 potions of heal wounds {unknown}
 k - a potion of curing {unknown}
 l - a potion of attraction {unknown}


   Skills:
 + Level 3.8 Fighting
 + Level 2.5 Maces & Flails
 + Level 3.7 Armour
 + Level 3.8 Shields


You had 2 spell levels left.
You didn't know any spells.
Your spell library was empty.

Dungeon Overview and Level Annotations

Branches:
Dungeon (2/15)

Altars:


Innate Abilities, Weirdness & Mutations

You are immune to sickness and miasma.
Your stone body is resilient. (AC +3)
You are immune to poison.
You resist negative energy. (rN+)
You are resistant to electric shocks. (rElec)
You are resistant to unholy torment.
You are immune to petrification.


Message History

A goblin comes into view. It is wielding a +0 dagger.
The gnoll moves out of view.
A gnoll comes into view. It is wielding a +0 club.
The gnoll shouts!
You hear a shout!
A gnoll comes into view. It is wielding a +0 flail.
The gnoll shouts!
You block the goblin's attack. The gnoll closely misses you.
You sock the goblin!
You kill the goblin!
The gnoll hits you from afar with a +0 halberd.
A gnoll comes into view. It is wielding a +0 flail.
You block the gnoll's attack.
You see here a +0 dagger.
You thump the gnoll!
The gnoll is severely wounded.
The gnoll hits you from afar with a +0 halberd.
You block the gnoll's attack.
You sock the gnoll!
You kill the gnoll!
The gnoll hits you with a +0 flail.
The gnoll hits you from afar with a +0 halberd!
* * * LOW HITPOINT WARNING * * *
You are too injured to fight recklessly!
You are too injured to fight recklessly!
You are too injured to fight recklessly!
You are too injured to fight recklessly!
You are too injured to fight recklessly!
You are too injured to fight recklessly!
You are too injured to fight recklessly!
You are too injured to fight recklessly!
You are too injured to fight recklessly!
You are too injured to fight recklessly!
You are too injured to fight recklessly!
You are too injured to fight recklessly!
You are too injured to fight recklessly!
You are too injured to fight recklessly!
You are too injured to fight recklessly!
You are too injured to fight recklessly!
The gnoll attacks as you move away! The gnoll hits you with a +0 flail.
You die...

#.# ## #.# .....
#.#.# #.#g####
#.###..g#..#
#.....g)...# #.#@#
#.#.# ...# #.#.#
...# ####...#
...########....###
..>##.......####
...........##
####.......# #
#......##


You could see 3 gnolls.

Vanquished Creatures
  A gnoll (D:2)
  7 bats
  3 endoplasms (D:1)
  3 giant cockroaches (D:1)
  4 goblins
  7 jackals
  A quokka (D:1)
  5 ball pythons (D:1)
  3 frilled lizards (D:1)
  A rat (D:1)
35 creatures vanquished.

Notes
Turn   | Place    | Note
-------+----------+-------------------------------------------
     0 | D:1      | Dittersdorf the Gargoyle Fighter began the quest for the
                  | Orb.
     0 | D:1      | Reached XP level 1. HP: 14/14 MP: 1/1
    62 | D:1      | Reached XP level 2. HP: 4/19 MP: 2/2
   499 | D:1      | Reached XP level 3. HP: 23/23 MP: 3/3
   917 | D:2      | Slain by a gnoll

Illustrated notes

Levels and vault maps discovered:
D:1:      nzn_arrival_settlement, layout_rooms, serial_corexii_hall,
          corexii_hall_statues_x, chequers_hall_statues_corner_a,
          corexii_hall_statues_l, corexii_hall_statues_i
D:2:      layout_basic, basic_altar, item_on_display_a

Action                     || total
---------------------------++-------
  Melee: Flail             ||   110
 Armour: Scale mail        ||   133
  Dodge: Dodged            ||   115
  Block: Buckler           ||    47

Table legend: (Time is in decaauts)
 A = Elapsed time spent in this place.
 B = Non-inter-level travel time spent in this place.
 C = Inter-level travel time spent in this place.
 D = Time resting spent in this place.
 E = Time spent auto-exploring this place.
 F = Levels seen in this place.
 G = Mean time per level.
                   A        B        C        D        E       F      G
               +--------+--------+--------+--------+--------+-----+--------+
         Total |    952 |    895 |     57 |      0 |    670 |   2 |  476.0 |
       Dungeon |    952 |    895 |     57 |      0 |    670 |   2 |  476.0 |
               +--------+--------+--------+--------+--------+-----+--------+

Top non-repeatable levels by time:
     D:1: 845 daAuts
     D:2: 107 daAuts
